 Dungeon Crawl Stone Soup version 0.29.1-1-gd02db69 (webtiles) character file.

Game seed: 14058166161684809164

5335 Timinator the Insei (level 10, -13/80 HPs)
             Began as a Demigod Transmuter on Jan 14, 2023.
             Mangled by a small abomination (19 damage)
             ... on level 2 of the Abyss.
             The game lasted 00:45:29 (11029 turns).

Timinator the Insei (Demigod Transmuter)           Turns: 11029, Time: 00:45:30

Health: -13/80     AC:  8    Str: 15    XL:     10   Next: 16%
Magic:  16/16      EV: 16    Int: 13    God:
Gold:   222        SH:  5    Dex: 26    Spells: 6/13 levels left

rFire   + + .      SeeInvis .     - Unarmed
rCold   + . .      Faith    .   (no shield)
rNeg    + . .      Spirit   .   r - +0 ring mail
rPois   +          Reflect  +   G - +2 hat
rElec   +          Harm     .   e - +0 cloak
rCorr   +          Rampage  .   K - +0 pair of gloves
Will    +....                   q - +0 pair of boots
Stlth   ++........              v - amulet of Viter Bee {Reflect +Blink rPois rF+ rN+ SH+5}
HPRegen 0.23/turn               C - ring of resist corrosion
MPRegen 0.15/turn               m - ring "Timielod" {rElec rF+ rC+ Dex+4 Stlth+}

@: about to teleport
A: high MP 1, forlorn, divine attributes, deformed body, dopey 1
a: Evoke Blink


You were on level 2 of the Abyss.
You visited 1 branch of the dungeon, and saw 9 of its levels.
You visited the Abyss 1 time.

You collected 1675 gold pieces.
You spent 1453 gold pieces at shops.

Inventory:

Armour
 e - a +0 cloak (worn)
 q - a +0 pair of boots (worn)
 r - a +0 ring mail (worn)
 G - a +2 hat (worn)
 K - a +0 pair of gloves (worn)
Jewellery
 m - the ring "Timielod" (right hand) {rElec rF+ rC+ Dex+4 Stlth+}
   (You acquired it on level 7 of the Dungeon)

   [ring of protection from cold]

   Dex:       It affects your dexterity (+4).
   rF:        It protects you from fire.
   rC:        It protects you from cold.
   rElec:     It insulates you from electricity.
   Stlth:     It makes you more stealthy.
 v - the amulet of Viter Bee (around neck) {Reflect +Blink rPois rF+ rN+ SH+5}
   (You found it on level 3 of the Dungeon)

   [amulet of reflection]

   It reflects blocked missile attacks.
   rF:        It protects you from fire.
   rPois:     It protects you from poison.
   rN:        It protects you from negative energy.
   +Blink:    It lets you blink.
   SH:        It affects your SH (+5).
 y - a +4 ring of protection
 C - a ring of resist corrosion (left hand)
 F - a ring of willpower
Wands
 u - a wand of light (10)
 D - a wand of roots (1)
Scrolls
 b - 3 scrolls of enchant armour
 c - 3 scrolls of teleportation
 d - a scroll of blinking {unknown}
 f - a scroll of brand weapon {unknown}
 h - 4 scrolls of immolation
 k - a scroll of torment {unknown}
 l - 2 scrolls of silence {unknown}
 p - a scroll of magic mapping {unknown}
 t - 2 scrolls of fear
 w - 2 scrolls of enchant weapon
 E - a scroll of amnesia {unknown}
Potions
 a - a potion of heal wounds
 g - a potion of ambrosia
 j - 3 potions of brilliance
 n - a potion of flight
 o - 3 potions of cancellation
 s - 4 potions of curing
 x - a potion of mutation
 A - 2 potions of resistance
 H - 4 potions of attraction
 J - a potion of degeneration {unknown}


   Skills:
 + Level 4.9 Fighting
 + Level 3.6 Throwing
 - Level 3.0 Armour
 * Level 6.8 Dodging
 * Level 7.8 Unarmed Combat
 - Level 2.0 Spellcasting
 * Level 6.2 Transmutations
 - Level 4.0 Ice Magic


You had 6 spell levels left.
You knew the following spells:

 Your Spells              Type           Power      Damage    Failure   Level
a - Beastly Appendage     Tmut           34%        N/A       3%          1
b - Wereblood             Tmut           17%        N/A       6%          2
c - Ice Form              Ice/Tmut       14%        N/A       52%         4

Your spell library contained the following spells:

 Spells                   Type           Power      Damage    Failure   Level
 Passwall                 Tmut/Erth      7%         N/A       21%         2
 Spider Form              Tmut/Pois      9%         N/A       38%         3
 Sandblast                Erth           2%         2d4       43%         1
 Stone Arrow              Conj/Erth      2%         3d7       82%         3
 Tukima's Dance           Hex            1%         N/A       82%         3
 Yara's Violent Unravell  Hex/Tmut       4%         3d4       98%         5
 Animate Dead             Necr           1%         N/A       99%         4
 Passage of Golubria      Tloc           1%         N/A       99%         4
 Borgnjor's Vile Clutch   Necr/Erth      0%         N/A       100%        5
 Death Channel            Necr           0%         N/A       100%        6


Dungeon Overview and Level Annotations

Branches:
Dungeon (9/15)             Temple (0/1) D:4
   Lair: D:8-11         Orc: D:9-12

Shops:
D:1 =   D:2 !**   D:5 (?

Annotations:
D:9 Erolcha


Innate Abilities, Weirdness & Mutations

You have an increased reservoir of magic. (+10% MP)
You shall have no god before yourself.
Your divine heritage dramatically boosts your attributes as you level up.
Armour fits poorly on your strangely shaped body.
You are dopey. (Int -2)


Message History

The large abomination closely misses you.
Aiming: Bolt of Light
Press: ? - help, Shift-Dir - straight line, f - thrashing horror, p - large abomination
Aim: a thrashing horror (71% to hit)
The bolt of light hits the thrashing horror!
The thrashing horror is lightly damaged.
The thrashing horror is blinded.
The thrashing horror misses you. The thrashing horror tramples you.
You hold your ground!
The thrashing horror closely misses you.
The thrashing horror tramples you but does no damage.
The large abomination closely misses you.
The thrashing horror tramples you.
You stumble backwards!
The thrashing horror misses you. The thrashing horror barely misses you.
A starcursed mass comes into view.
A starcursed mass splits.
A starcursed mass splits.
A chorus of shrieks assaults your mind.
* * * LOW HITPOINT WARNING * * *
A starcursed mass splits.
A chorus of shrieks assaults your mind.
* * * LOW HITPOINT WARNING * * *
The large abomination is no longer blind.
A chorus of shrieks assaults your mind.
* * * LOW HITPOINT WARNING * * *
A starcursed mass splits.
Okay, then.
As you read the scroll of teleportation, it crumbles to dust.
You feel strangely unstable.
You feel the power of the Abyss delaying your translocation!
The small abomination closely misses you.
The small abomination barely misses you.
A sixfirhy and a thrashing horror come into view.
A starcursed mass splits.
The sixfirhy barely misses you. The sixfirhy misses you.
The sixfirhy completely misses you. A chorus of shrieks assaults your mind.
* * * LOW HITPOINT WARNING * * *
The small abomination attacks as you move away!
The small abomination hits you!!
You die...

..X..#..... . #
........#..#. ### .# ..
. .....#..#.# ..##.#...
. #. ..XX#X###.#.##...
..# ..#X.X. .X.........
.#.##.#####X##XX#...#..
#... ## #..X.......#
.## ..# #.###x.###.#
#...## # #....3@....#
#.#.#### #.....###...#
#.# # ##...# ..# ###
#..#. ... #...#.. ..#
#.#.# .# #. #


You could see 4 starcursed masses, a sixfirhy and a small abomination.

Vanquished Creatures
  A phantasmal warrior (Abyss:1)
  A cyclops (D:8)
  A smoke demon (Abyss:1)
  Grinder (D:6)
  A shadow (D:8)
  5 yaks (D:8)
  2 steam dragons
  Edmund (D:5)
  An acid dragon (D:8)
  2 sky beasts
  2 ice beasts
  An orc warrior (D:7)
  3 ogres
  A centaur (D:8)
  3 phantoms
  3 bullfrogs (D:6)
  2 scorpions
  5 wights
  3 killer bees (D:7)
  3 howler monkeys (D:8)
  7 hounds
  An orc priest (D:7)
  2 jellies
  A gnoll bouda (D:6)
  Natasha (D:3)
  2 iguanas
  3 orc wizards
  16 gnolls
  4 adders
  A shadow imp (D:6)
  2 white imps
  4 ufetubi
  3 worms
  17 orcs
  2 bats
  4 endoplasms
  4 giant cockroaches
  12 goblins
  8 hobgoblins
  5 quokkas
  3 ball pythons
  5 frilled lizards
  9 kobolds
  A rat (D:1)
159 creatures vanquished.

Vanquished Creatures (others)
  An orc wizard (D:6)
1 creature vanquished.

Grand Total: 160 creatures vanquished

Notes
Turn   | Place    | Note
-------+----------+-------------------------------------------
     0 | D:1      | Timinator the Demigod Transmuter began the quest for the
                  | Orb.
     0 | D:1      | Reached XP level 1. HP: 15/15 MP: 5/5
   146 | D:1      | Reached skill level 1 in Fighting
   501 | D:1      | Reached XP level 2. HP: 22/23 MP: 5/7
  1000 | D:1      | Found Kypait's Jewellery Emporium.
  1018 | D:1      | Reached skill level 3 in Unarmed Combat
  1493 | D:2      | Reached XP level 3. HP: 28/28 MP: 6/8
  1509 | D:2      | Found Copsue's General Store.
  1532 | D:2      | Reached skill level 1 in Armour
  1552 | D:2      | Bought a scroll of identify for 24 gold pieces
  1702 | D:2      | Found Cusepseent's Distillery.
  1717 | D:2      | Bought a potion of lignification for 33 gold pieces
  1938 | D:2      | Found Lusot's Assorted Antiques.
  1941 | D:2      | Bought a scroll of identify for 48 gold pieces
  2255 | D:3      | Reached XP level 4. HP: 35/35 MP: 7/9
  2258 | D:3      | Learned a level 2 spell: Wereblood
  2263 | D:3      | Learned a level 4 spell: Ice Form
  2286 | D:3      | Noticed Natasha
  2303 | D:3      | Killed Natasha
  2327 | D:3      | Identified the amulet of Viter Bee {Reflect +Blink rPois
                  | rF+ rN+ SH+5}
  2764 | D:3      | Noticed an ogre
  2779 | D:3      | Killed an ogre
  2780 | D:3      | Reached skill level 1 in Throwing
  2780 | D:3      | Reached XP level 5. HP: 16/41 MP: 6/10
  3395 | D:4      | Found a staircase to the Ecumenical Temple.
  3411 | D:4      | Reached skill level 4 in Unarmed Combat
  3477 | D:4      | Noticed an ogre
  3629 | D:4      | Killed an ogre
  3630 | D:4      | Reached XP level 6. HP: 48/48 MP: 9/11
  3918 | D:5      | Entered Level 5 of the Dungeon
  4320 | D:5      | Reached XP level 7. HP: 47/56 MP: 13/13
  4422 | D:5      | Found Ywkeq's Weapon Shop.
  4521 | D:4      | Reached skill level 1 in Ice Magic
  4823 | D:4      | Reached skill level 5 in Unarmed Combat
  5605 | D:5      | Noticed Edmund
  5617 | D:5      | Killed Edmund
  5806 | D:4      | Reached XP level 8. HP: 56/63 MP: 12/14
  6040 | D:5      | Found Pepikey's Magic Scroll Shoppe.
  6047 | D:5      | Bought a scroll of enchant armour for 97 gold pieces
  6047 | D:5      | Bought a scroll of teleportation for 39 gold pieces
  6127 | D:5      | Identified the +1 leather armour of the Spheres {rC+}
  6821 | D:6      | Noticed Grinder
  6863 | D:6      | Killed Grinder
  6864 | D:6      | Reached skill level 6 in Unarmed Combat
  7280 | D:6      | Reached skill level 5 in Dodging
  7537 | D:7      | Identified 2 scrolls of acquirement
  7538 | D:7      | Acquired 1291 gold pieces
  7540 | D:7      | Acquired the ring "Timielod" {rElec rF+ rC+ Dex+4 Stlth+}
  7652 | D:2      | Bought a potion of heal wounds for 60 gold pieces
  7666 | D:2      | Bought a potion of heal wounds for 120 gold pieces
  7666 | D:2      | Bought a potion of heal wounds for 120 gold pieces
  7666 | D:2      | Bought a potion of heal wounds for 120 gold pieces
  7730 | D:2      | Bought a potion of resistance for 110 gold pieces
  7730 | D:2      | Bought a potion of cancellation for 88 gold pieces
  7730 | D:2      | Bought 2 potions of might for 88 gold pieces
  7730 | D:2      | Bought a potion of resistance for 110 gold pieces
  7811 | D:1      | Bought a +4 ring of protection for 396 gold pieces
  8347 | D:7      | Reached XP level 9. HP: 71/71 MP: 15/15
  9160 | D:8      | Reached skill level 5 in Transmutations
  9545 | D:8      | Reached skill level 7 in Unarmed Combat
  9580 | D:8      | HP: 2/72 [shadow (3)]
  9864 | D:8      | Noticed a cyclops
  9886 | D:8      | Killed a cyclops
 10439 | D:9      | Noticed Erolcha
 10634 | Abyss:1  | Cast into level 1 of the Abyss (Erolcha)
 10670 | Abyss:1  | Noticed a smoke demon
 10695 | Abyss:1  | Noticed a smoke demon
 10719 | Abyss:1  | Noticed a phantasmal warrior
 10729 | Abyss:1  | Killed a phantasmal warrior
 10730 | Abyss:1  | Reached XP level 10. HP: 44/80 MP: 16/16
 10796 | Abyss:1  | Noticed a worldbinder
 10798 | Abyss:1  | Noticed a green death
 10802 | Abyss:1  | Noticed a thrashing horror
 10838 | Abyss:1  | Noticed a rakshasa
 10840 | Abyss:1  | Killed a smoke demon
 10858 | Abyss:1  | Gained mutation: Armour fits poorly on your strangely
                  | shaped body. [a neqoxec]
 10863 | Abyss:1  | Gained mutation: You are dopey. (Int -2) [a neqoxec]
 10868 | Abyss:1  | Noticed a skeletal warrior
 11005 | Abyss:2  | Noticed a thrashing horror
 11018 | Abyss:2  | Noticed a starcursed mass
 11027 | Abyss:2  | Noticed a sixfirhy
 11027 | Abyss:2  | Noticed a thrashing horror
 11029 | Abyss:2  | Mangled by a small abomination

Illustrated notes

Levels and vault maps discovered:
D:1:      wander_arrival_fairy_ring, layout_basic,
          shapermc_ecumenical_altar_starsandcircs, serial_shops, shop,
          st_stairs_10
D:2:      layout_basic, serial_shops, shop, nicolae_shop_advertising_works
          [nicolae_subvault_shop_adworks], nicolae_shop_behind_doors
D:3:      layout_basic, small_statue_intersection, minmay_misc_feat_pillars,
          chequers_mini_garden, st_stairs_4, minmay_ogre_servants, uniq_natasha
D:4:      layout_rooms, overflow_temple_1_default, minmay_temple_entry_junction
D:5:      layout_cave_pools, serial_shops, shop, nicolae_shop_waterfront,
          lemuel_flame_loot_1, uniq_edmund
D:6:      layout_loops_cross, zin_academy, reono_crystal_passage, uniq_grinder
D:7:      layout_cave_pools
D:8:      layout_loops_corners, lemuel_coloured_pillars_altar
D:9:      layout_roguey, mainiacjoe_overflow_small_starburst,
          mainiacjoe_overflow_surrounded_room, uniq_erolcha
Abyss:2:  base: D:9, minivault_5

Skill      XL: |  1  2  3  4  5  6  7  8  9 |
---------------+----------------------------+-----
Fighting       | 1 2 3 4 |  4.9
Spellcasting   | 2 |  2.0
Dodging        | 2 3 4 5 6 |  6.8
Transmutations | 2 3 4 6 |  6.2
Unarmed Combat | 3 4 5 6 7 |  7.8
Armour         | 1 2 3 |  3.0
Throwing       | 1 2 3 |  3.6
Ice Magic      | 2 4 |  4.0

Action                   |  1- 3 |  4- 6 |  7- 9 | 10-12 || total
-------------------------+-------+-------+-------+-------++-------
Melee: Unarmed           |   106 |   117 |   542 |    26 ||   791
       Kick              |    29 |     8 |     3 |       ||    40
       Headbutt          |    11 |     3 |     2 |       ||    16
       Punch             |     4 |     3 |    31 |     1 ||    39
Throw: Dart              |     4 |     1 |    19 |       ||    24
       Javelin           |       |       |     7 |       ||     7
 Cast: Beastly Appendage |    26 |     5 |     1 |       ||    32
       Wereblood         |       |     4 |    26 |       ||    30
 Abil: End Transformatio |     1 |       |       |       ||     1
       Evoke Blink       |       |       |     1 |       ||     1
Evoke: Wand              |       |     1 |     3 |     2 ||     6
  Use: Scroll            |     4 |     2 |    11 |     2 ||    19
       Potion            |       |     1 |    10 |     2 ||    13
 Stab: Sleeping          |     1 |       |     1 |       ||     2
       Invisible         |       |       |     1 |       ||     1
Armor: Leather armour    |    22 |     1 |       |       ||    23
       Robe              |     1 |       |       |       ||     1
       Ring mail         |       |    11 |   171 |     9 ||   191
       Skin              |       |     4 |    12 |       ||    16
Dodge: Dodged            |    49 |    45 |   294 |    24 ||   412
Block: Other             |       |    18 |   109 |     9 ||   136
       Reflection        |       |       |     1 |     2 ||     3
